Map: New Repugnancy LE

Players

monsterKill - Winner!

  • Race: Terran Terran
  • League: Gold
  • Spawn Location: 7:00

TiPtOP

  • Race: Terran Terran
  • League: Silver
  • Spawn Location: 1:00

VOD

Have the link to the VOD?

Description

Time

  • Played on: May 11, 2019, 4:18 a.m.
  • Length: 11:43
Show
View Real Time Build Order
Export as new Build Order

monsterKill Terran - Winner!

Build Orders:  

Get SALT Encoding   

  12  0:01  SCV  
  13  0:17  SCV  
  13  0:19  Supply Depot  
  14  0:30  SCV  
  15  0:44  Barracks  
  15  0:46  Supply Depot  
  15  0:47  SCV  
  16  1:01  Refinery  
  16  1:04  SCV  
  17  1:14  Refinery  
  17  1:16  SCV  
  18  1:28  SCV  
  19  1:40  SCV  
  19  1:41  Reaper  
  21  1:52  SCV  
  22  2:00  Command Center  
  22  2:05  SCV  
  23  2:15  Factory  
  23  2:18  Barracks Tech Lab  
  24  2:27  SCV  
  24  2:39  SCV  
  25  2:51  SCV  
  25  2:53  Marine  
  27  3:04  SCV  
  28  3:11  Marine  
  29  3:16  SCV  
  30  3:28  SCV  
  31  3:42  Starport  
  31  3:45  Factory  
  31  3:52  Stimpack  
  32  3:55  SCV  
  32  4:01  Marauder  
  34  4:03  Factory Tech Lab  
  34  4:07  SCV  
  35  4:11  Supply Depot  
  35  4:12  SCV  
  36  4:20  SCV  
  36  4:23  Marauder  
  39  4:24  SCV, Supply Depot  
  39  4:30  Siege Tank  
  43  4:32  SCV  
  43  4:35  Starport Reactor, Supply Depot  
  43  4:36  SCV  
  43  4:38  Factory Reactor  
  45  4:47  Supply Depot  
  45  4:51  SCV  
  45  4:56  Barracks  
  45  4:59  Refinery  
  45  5:00  SCV  
  45  5:01  Refinery  
  45  5:04  Bunker  
  45  5:05  Marine  
  47  5:12  SCV  
  50  5:23  Widow Mine x2, Marine  
  50  5:24  Siege Tank  
  50  5:25  Medivac x2  
  60  5:31  SCV  
  61  5:41  Marine  
  62  5:43  SCV  
  62  5:47  Barracks Reactor  
  63  5:51  Barracks  
  63  5:53  Concussive Shells  
  63  5:54  Orbital Command  
  63  5:55  SCV  
  64  6:08  Medivac x2  
  68  6:23  Marine  
  68  6:25  Marine x2  
  71  6:28  Siege Tank  
  71  6:30  Widow Mine x2  
  78  6:48  Marine x3, Orbital Command  
  81  7:00  Siege Tank  
  82  7:06  Marine x2  
  76  7:40  Widow Mine x2, Siege Tank, Marine  
  76  7:43  Marine x2  
  83  7:58  Marine  
  83  8:01  Marine x2  
  86  8:29  Marine, Medivac x2  
  86  8:30  Siege Tank  
  94  8:37  Supply Depot  
  94  8:44  Barracks Reactor  
  94  8:47  Marine x3  
  97  8:52  Widow Mine x2  
  101  8:59  Medivac x2  
  101  9:00  Supply Depot  
  101  9:02  Widow Mine  
  107  9:05  Marine x2  
  109  9:23  Widow Mine, Marine, Supply Depot  
  112  9:29  Medivac  
  114  9:41  Marine  
  112  9:46  Supply Depot  
  96  10:54  Starport  
  96  11:00  Command Center, Starport  
Show
View Real Time Build Order
Export as new Build Order

TiPtOP Terran 

Build Orders:  

Get SALT Encoding   

  12  0:01  SCV  
  13  0:13  SCV  
  14  0:21  Supply Depot  
  14  0:26  SCV  
  15  0:42  SCV  
  16  0:48  Barracks  
  16  0:56  SCV  
  17  1:08  SCV  
  18  1:25  SCV, Barracks  
  19  1:51  Command Center  
  20  1:54  Refinery, SCV  
  20  1:55  Marine  
  21  2:06  SCV  
  22  2:18  SCV  
  23  2:26  Supply Depot  
  23  2:40  Orbital Command  
  23  2:44  Marine  
  22  3:05  Marine x2  
  21  3:23  Marine x2  
  23  3:37  SCV  
  23  3:39  SCV  
  23  3:40  Supply Depot  
  23  3:41  Marine x2  
  27  3:49  SCV  
  27  3:51  SCV  
  29  3:59  Marine  
  29  4:01  SCV  
  31  4:03  SCV, Supply Depot  
  31  4:11  Barracks Reactor  
  31  4:23  Barracks Tech Lab  
  31  4:24  SCV  
  31  4:26  SCV  
  33  4:46  Engineering Bay  
  33  4:52  Marine x2  
  33  4:53  Marine  
  33  4:57  Supply Depot  
  33  4:59  Stimpack  
  36  5:00  SCV  
  36  5:02  SCV  
  38  5:12  SCV  
  38  5:14  SCV  
  40  5:17  Factory  
  40  5:21  Refinery  
  40  5:25  Orbital Command  
  40  5:26  SCV  
  40  5:28  Marine x3  
  44  5:38  SCV  
  45  5:51  Missile Turret  
  45  5:56  SCV  
  46  5:58  SCV  
  46  5:59  Marine  
  46  6:00  Marine x2  
  46  6:02  Supply Depot  
  50  6:04  Factory Reactor  
  50  6:07  Factory  
  50  6:08  SCV  
  50  6:10  SCV  
  52  6:17  Marine x2  
  56  6:18  Marauder  
  56  6:26  Supply Depot  
  56  6:35  Missile Turret  
  56  6:38  SCV  
  57  6:47  Missile Turret  
  57  6:50  SCV  
  55  7:06  Widow Mine  
  55  7:07  Widow Mine  
  31  7:24  Marine x3  
  22  7:42  Marine x2  
  22  7:43  Marauder  
  24  8:00  Marine x2, Factory Tech Lab  
  24  8:04  SCV x2, Marauder  
  30  8:16  SCV  
  31  8:21  SCV  
  31  8:23  Marine x2  
  31  8:26  Marauder  
  36  8:28  Siege Tank, SCV  
  36  8:30  Combat Shield  
  36  8:33  SCV  
  41  8:40  SCV  
  41  8:41  Marine x2  
  42  8:45  SCV  
  42  8:47  Marauder  
  47  8:49  Engineering Bay  
  47  8:53  SCV  
  48  8:57  SCV  
  48  8:59  Marine x2  
  51  9:05  SCV  
  51  9:08  Marauder  
  54  9:10  SCV  
  54  9:16  Marine  
  54  9:17  SCV, Marine  
  55  9:22  SCV  
  59  9:24  Refinery  
  59  9:29  SCV  
  59  9:30  Marauder  
  62  9:32  Missile Turret  
  62  9:34  Marine x2  
  42  9:50  Marine  
  29  10:04  Siege Tank  
  29  10:06  Widow Mine  
  33  10:34  Marine  
  33  10:35  Marine x2  
  33  10:52  Marine x3  
  33  11:10  Marine  
  32  11:13  SCV  
  33  11:23  Marine x2  
  33  11:25  SCV  
Tags
 
Add a new tag
Caveats
  • Supply blocks, unpowered buildings, or Contaminate may cause inaccurate times.
  • Supply counts are checked every 10 seconds.